 Dungeon Crawl Stone Soup version 0.16-a0-3483-g6616b5b (webtiles) character file.

256 NewYearsCrawler the Ruffian (level 6, 0/51 HPs)
             Began as a Ghoul Monk on Jan 4, 2015.
             Killed by divine providence
             ... invoked by an orc priest
              (11 damage)
             ... on level 3 of the Dungeon.
             The game lasted 00:03:44 (2244 turns).

NewYearsCrawler the Ruffian (Ghoul Monk)            Turns: 2244, Time: 00:03:44

Health: 0/51       AC: 14    Str: 17    XL:     6   Next: 15%
Magic:  5/5        EV:  5    Int:  5    God:
Gold:   107        SH:  0    Dex: 11    Spells: 0 memorised, 5 levels left

rFire  . . .     SeeInvis .       - Unarmed
rCold  + . .     Clarity  .     q - +0 plate armour
rNeg   + + +     SustAb   .     (no shield)
rPois  ∞         Gourm    .     (no helmet)
rElec  .         Spirit   .     l - +0 cloak
rCorr  .         Warding  .     (no gloves)
rMut   .         Stasis   +     (no boots)
MR     .....                    n - amulet of stasis
Stlth  ..........               (no ring)
                                s - +3 ring of protection

@: rotting, not resistant to hostile enchantments, extremely unstealthy
A: rotting body, claws 1, carnivore 3, cold resistance 1, negative energy
resistance 3, poison resistance, slow healing 1, torment resistance, unbreathing
a: no special abilities


You were on level 3 of the Dungeon.
You were not hungry.

You visited 1 branch of the dungeon, and saw 3 of its levels.

You collected 107 gold pieces.

Inventory:

Armour
 l - a +0 cloak (worn)
 q - a +0 plate armour (worn)
Jewellery
 n - an amulet of stasis (around neck)
 s - a +3 ring of protection (left claw)
 v - an uncursed amulet of resist mutation
Scrolls
 a - a scroll of enchant armour {unknown}
 b - a scroll of blinking {unknown}
 e - a scroll of identify {unknown}
 f - 3 scrolls of random uselessness {unknown}
 h - a scroll of remove curse {unknown}
 i - a scroll of teleportation {unknown}
 j - a scroll of fear {unknown}
 m - a scroll of enchant weapon {unknown}
 r - a scroll of noise {unknown}
Potions
 g - a potion of brilliance {unknown}
 k - a potion of mutation {unknown}
 o - a potion of curing {unknown}
Comestibles
 p - 2 slices of pizza
 t - a beef jerky
 u - a meat ration


   Skills:
 - Level 3.2 Fighting
 - Level 2.6 Dodging
 - Level 2.1 Stealth
 * Level 7.9 Unarmed Combat


You had 5 spell levels left.
You didn't know any spells.

Dungeon Overview and Level Annotations

Branches:
Dungeon (3/15)

Altars:
Ashenzari
Kikubaaqudgha
Makhleb
Xom
Zin


Innate Abilities, Weirdness & Mutations

Your body is rotting away.
You thrive on raw meat.
You have sharp fingernails.
You are carnivorous and can eat meat at any time.
Your flesh is cold resistant.
You are immune to negative energy.
Your system is resistant to poisons.
You heal slowly when monsters are visible.
You are immune to unholy pain and torment.
You can survive without breathing.


Message History

You are too injured to fight recklessly!
You are too injured to fight recklessly!
You are too injured to fight recklessly!
Unknown command.
Drink which item? (? for menu, Esc to quit)
It was a potion of haste.
Your amulet of stasis emits a piercing whistle.
The orc priest hits you but does no damage.
The orc hits you.
* * * LOW HITPOINT WARNING * * *
You scratch the orc priest.
The orc priest begins to bleed from its wounds!
The orc priest is lightly wounded.
The goblin hits you but does no damage. The orc barely misses you.
You claw the orc!
You kill the orc!
The goblin hits you but does no damage.
The orc priest calls down the wrath of Beogh upon you.
Something smites you!
You die...

#############.#
#####...÷.........#
#........).######.#########
#.###..###..# #.....)[..#
#.##..##.##.# #########'##
#..).....)#(## #..........#
#..###...o##..####.#####....#
#.##......#.og##...# #....#
#.#.......o)@....### #....#
#####.##....[.#..##..# #.#'##
.......###....##.##..# ##.#.#
###.).......#.##..# #..#.#
#.......##.##.##..######.##.##
#.#......###..................
# #..###..........######.##.##
.....# ####.#.##.#######.##.##
..##.######.#.##.........##...


You could see an orc priest (bleeding), an orc and a goblin.

Vanquished Creatures
  A scorpion (D:3)
  The ghost of gabygaby the Insei, a weakling OpTm (D:3)
  An orc wizard (D:3)
  Ijyb (D:2)
  3 adders
  3 worms
  2 giant geckos (D:1)
  An ooze (D:2)
  6 orcs (D:3)
  3 giant cockroaches
  7 hobgoblins
  6 jackals
  A quokka (D:3)
  2 ball pythons (D:1)
  8 bats
  3 giant newts
  18 goblins
  8 kobolds
  7 rats
82 creatures vanquished.

Notes
Turn   | Place    | Note
--------------------------------------------------------------
     0 | D:1      | NewYearsCrawler, the Ghoul Monk, began the quest for the Orb.
     0 | D:1      | Reached XP level 1. HP: 19/19 MP: 1/1
   274 | D:1      | Reached XP level 2. HP: 26/26 MP: 2/2
   329 | D:1      | Reached skill level 5 in Unarmed Combat
   506 | D:1      | Reached XP level 3. HP: 28/31 MP: 3/3
   914 | D:2      | Noticed Ijyb
   955 | D:2      | Killed Ijyb
   959 | D:2      | Reached skill level 6 in Unarmed Combat
   959 | D:2      | Reached XP level 4. HP: 12/37 MP: 3/3
  1018 | D:2      | Found an ancient bone altar of Kikubaaqudgha.
  1156 | D:2      | Found a shattered altar of Ashenzari.
  1210 | D:2      | Found a burning altar of Makhleb.
  1217 | D:2      | Found a shimmering altar of Xom.
  1377 | D:2      | Found a glowing silver altar of Zin.
  1635 | D:3      | Reached XP level 5. HP: 20/45 MP: 4/4
  1671 | D:3      | Reached skill level 7 in Unarmed Combat
  1807 | D:3      | Noticed gabygaby's ghost (weakling OpTm)
  1824 | D:3      | Killed gabygaby's ghost
  1938 | D:3      | Reached XP level 6. HP: 45/50 MP: 5/5
  2244 | D:3      | Killed from afar by an orc priest

Action                   |  1- 3 |  4- 6 || total
-------------------------+-------+-------++-------
Melee: Unarmed           |   106 |   167 ||   273
  Use: Potion            |       |     1 ||     1
 Stab: Sleeping          |     3 |       ||     3
  Eat: Chunk             |    10 |    32 ||    42
